 Dungeon Sprint DCSS version 0.17-a0-1853-ge1bd2c8 (webtiles) character file.

1975 BluebellGnoll the Unseen (level 9, 0/39 HPs)
             Began as a Spriggan Enchanter on Sept 20, 2015.
             Was an Elder of Okawaru.
             Shot with a sling bullet by Joseph (21 damage)
             ... in the Dungeon (Sprint IX: "|||||||||||||||||||||||||||||").
             The game lasted 00:06:29 (981 turns).

BluebellGnoll the Unseen (Spriggan Enchanter)        Turns: 981, Time: 00:06:30

Health: 0/39       AC:  3    Str:  4    XL:     9   Next: 0%
Magic:  17/23      EV: 33    Int: 20    God:    Okawaru [****..]
Gold:   0          SH:  0    Dex: 22    Spells: 5 memorised, 15 levels left

rFire  . . .     SeeInvis +     a - +1 dagger
rCold  . . .     Clarity  .     b - +1 robe
rNeg   . . .     SustAt   .     (shield restricted)
rPois  .         Gourm    .     (helmet restricted)
rElec  .         Spirit   .     (no cloak)
rCorr  .         Warding  .     (gloves unavailable)
rMut   .         NoTele   +     (boots unavailable)
MR     +....                    (no amulet)
Stlth  ++++++++..               t - +3 ring of dexterity
                                s - +3 ring of dexterity

@: very quick, somewhat resistant to hostile enchantments, extraordinarily
stealthy
A: unfitting armour, see invisible, herbivore 3, speed 3, slow metabolism 2
a: Heroism, Renounce Religion


You were in the Dungeon.
You worshipped Okawaru.
Okawaru was greatly pleased with you.
You were not hungry.

You visited 1 branch

Inventory:

Hand weapons
 a - a +1 dagger (weapon)
 p - the +2 scimitar of Beaph {freeze, rElec rF++ rN+ Str-4}
   (You found it in the Dungeon)

   It has been specially enchanted to freeze those struck by it, causing extra
   injury to most foes and up to half again as much damage against particularly
   susceptible opponents.
   It can also slow down cold-blooded creatures.
   It affects your strength (-4).
   It greatly protects you from fire.
   It insulates you from electricity.
   It protects you from negative energy.
 r - a +4 quarterstaff of draining
Armour
 b - a +1 robe (worn)
 q - a +0 cloak
Magical staves
 o - an uncursed staff of energy
Jewellery
 s - a +3 ring of dexterity (left hand)
 t - a +3 ring of dexterity (right hand)
Magical devices
 n - a wand of fire (7)
Scrolls
 j - 2 scrolls of blinking
 l - 3 scrolls of remove curse
 m - 2 scrolls of amnesia
Potions
 e - a potion of invisibility
 f - 3 potions of heal wounds
 g - a potion of haste
 h - 4 potions of magic
 i - a potion of berserk rage
 k - 4 potions of curing
Books
 c - a book of Maledictions

   Spells                             Type                      Level
   a - Corona                         Hexes                        1
   b - Ensorcelled Hibernation        Hexes/Ice                    2
   c - Confuse                        Hexes                        3
   d - Tukima's Dance                 Hexes                        3
   e - Dazzling Spray                 Conjuration/Hexes            3
Comestibles
 d - a bread ration


   Skills:
 - Level 6.9 Short Blades
 - Level 14.4 Dodging
 - Level 17.7 Stealth
 - Level 9.8 Spellcasting
 - Level 9.6 Hexes


You had 15 spell levels left.
You knew the following spells:

 Your Spells              Type           Power        Failure   Level  Hunger
a - Corona                Hex            #####..      1%          1    None
b - Ensorcelled Hibernat  Hex/Ice        ####..       1%          2    None
c - Confuse               Hex            #####...     1%          3    None
d - Tukima's Dance        Hex            #####...     1%          3    None
e - Dazzling Spray        Conj/Hex       ####....     3%          3    None


Dungeon Overview and Level Annotations

Branches:
Dungeon (1/1)

Altars:
Cheibriados
Dithmenos
Elyvilon
Fedhas
Gozag
Kikubaaqudgha
Makhleb
Nemelex Xobeh
Okawaru
Qazlal
Ru
Sif Muna
Trog
Vehumet
Xom
Yredelemnul
Zin
The Shining One
Beogh
Jiyva
Lugonu

Annotations:
D Joseph


Innate Abilities, Weirdness & Mutations

You are tiny and cannot use many weapons and most armour.
You have supernaturally acute eyesight.
You are a herbivore.
You cover ground extremely quickly.
You need consume almost no food.


Message History

Magic restored.
You open the door.
There is an open door here.
Casting: Confuse
Confirm with . or Enter, or press ? or * to list all spells.
Aiming: Confuse
Press: ? - help, Shift-Dir - straight line, f - Joseph
Aim: Joseph, wielding a hunting sling and wearing a ring mail (hasn't noticed you, chance to defeat MR: 54%) Joseph shouts!
Joseph resists with significant effort.
Joseph shoots a sling bullet.
The sling bullet hits you!
Casting: Confuse
Confirm with . or Enter, or press ? or * to list all spells.
Aiming: Confuse
Press: ? - help, Shift-Dir - straight line, f/p - Joseph
Aim: Joseph, wielding a hunting sling and wearing a ring mail (chance to defeat MR: 54%) Joseph resists with significant effort.
Joseph shoots a sling bullet.
The sling bullet hits you!!
Ouch! That really hurt!
You die...

▓▓▓▓▓▓▓▓▓▓▓▓▓▓▓▓▓▓▓▓▓▓▓▓▓▓▓▓
@....@.(....@..............▓
▓▓▓▓▓▓▓▓▓▓▓▓▓▓▓▓▓▓▓▓▓▓▓▓▓▓▓▓▓▓.▓
__'...)[.[))'%..%).'))....'....▓
▓▓▓▓▓▓▓▓▓▓▓▓▓▓▓▓▓▓▓▓▓▓▓▓▓▓▓▓▓▓▓▓


You could see Joseph.

Vanquished Creatures
  A centaur warrior (D)
  A hill giant (D)
  A deep elf mage (D)
  A yak (D)
  A hippogriff (D)
  A soldier ant (D)
  An orc warrior (D)
  A wasp (D)
  A big kobold (D)
  A giant frog (D)
  A crimson imp (D)
  A jelly (D)
  An iguana (D)
  An adder (D)
  A bat skeleton (D)
  3 giant cockroaches (D)
  A hobgoblin (D)
  A bat (D)
  A giant gecko skeleton (D)
  A goblin (D)
22 creatures vanquished.

Vanquished Creatures (others)
  A spatial maelstrom (D)
1 creature vanquished.

Grand Total: 23 creatures vanquished

Notes
Turn   | Place    | Note
--------------------------------------------------------------
     0 | D        | BluebellGnoll the Spriggan Enchanter began the quest for the Orb.
     0 | D        | Reached XP level 1. HP: 9/9 MP: 5/5
     2 | D        | Banished a spatial maelstrom
     6 | D        | Reached skill level 5 in Stealth
    13 | D        | Reached skill level 6 in Stealth
    26 | D        | Reached skill level 7 in Stealth
    33 | D        | Noticed an iguana
    33 | D        | Noticed a crimson imp
    47 | D        | Killed a crimson imp
    47 | D        | Reached skill level 10 in Stealth
    47 | D        | Reached XP level 2. HP: 10/13 MP: 4/6
    47 | D        | Reached XP level 3. HP: 12/16 MP: 5/8
    54 | D        | Learned a level 2 spell: Ensorcelled Hibernation
    58 | D        | Learned a level 3 spell: Confuse
   113 | D        | Killed an iguana
   113 | D        | Reached skill level 5 in Hexes
   328 | D        | Reached XP level 4. HP: 7/21 MP: 1/11
   347 | D        | Found a glowing silver altar of Zin.
   347 | D        | Found a glowing golden altar of the Shining One.
   347 | D        | Found an ancient bone altar of Kikubaaqudgha.
   347 | D        | Found a basalt altar of Yredelemnul.
   347 | D        | Found a shimmering altar of Xom.
   347 | D        | Found a radiant altar of Vehumet.
   348 | D        | Found an iron altar of Okawaru.
   349 | D        | Found a burning altar of Makhleb.
   350 | D        | Found a deep blue altar of Sif Muna.
   351 | D        | Found a bloodstained altar of Trog.
   352 | D        | Found a sparkling altar of Nemelex Xobeh.
   353 | D        | Found a white marble altar of Elyvilon.
   354 | D        | Found a roughly hewn altar of Beogh.
   355 | D        | Found a viscous altar of Jiyva.
   356 | D        | Became a worshipper of Warmaster Okawaru
   357 | D        | Found a corrupted altar of Lugonu.
   358 | D        | Found a blossoming altar of Fedhas.
   359 | D        | Found a snail-covered altar of Cheibriados.
   360 | D        | Found a shadowy altar of Dithmenos.
   361 | D        | Found a stormy altar of Qazlal.
   362 | D        | Found an opulent altar of Gozag.
   363 | D        | Found a sacrificial altar of Ru.
   381 | D        | Got the +2 scimitar of Beaph {freeze, rElec rF++ rN+ Str-4}
   620 | D        | Learned a level 3 spell: Tukima's Dance
   624 | D        | Learned a level 3 spell: Dazzling Spray
   629 | D        | Noticed a soldier ant
   629 | D        | Noticed a jelly
   629 | D        | Noticed a giant frog
   629 | D        | Noticed a big kobold
   629 | D        | Noticed a yak
   633 | D        | Killed a soldier ant
   633 | D        | Reached skill level 11 in Dodging
   633 | D        | Reached XP level 5. HP: 24/24 MP: 13/13
   635 | D        | Killed a jelly
   635 | D        | Reached skill level 5 in Spellcasting
   637 | D        | Killed a giant frog
   637 | D        | Acquired Okawaru's first power
   637 | D        | Reached XP level 6. HP: 28/28 MP: 14/17
   639 | D        | Killed a big kobold
   641 | D        | Killed a yak
   670 | D        | Noticed an orc warrior
   670 | D        | Noticed a centaur warrior
   670 | D        | Noticed a wasp
   670 | D        | Noticed a deep elf mage
   670 | D        | Noticed a hippogriff
   670 | D        | Noticed a hill giant
   681 | D        | Killed a centaur warrior
   681 | D        | Reached skill level 13 in Dodging
   681 | D        | Reached skill level 14 in Stealth
   681 | D        | Reached XP level 7. HP: 32/32 MP: 15/21
   681 | D        | Reached XP level 8. HP: 36/36 MP: 15/22
   684 | D        | Killed an orc warrior
   684 | D        | Reached skill level 5 in Short Blades
   684 | D        | Reached skill level 15 in Stealth
   720 | D        | Killed a wasp
   796 | D        | Killed a deep elf mage
   796 | D        | Reached skill level 16 in Stealth
   799 | D        | Killed a hippogriff
   811 | D        | Killed a hill giant
   811 | D        | Reached skill level 17 in Stealth
   811 | D        | Reached XP level 9. HP: 33/39 MP: 1/23
   884 | D        | Noticed Joseph
   981 | D        | Shot with a sling bullet by Joseph

Vault maps used:
D:        linesprint

Action                   |  1- 3 |  4- 6 |  7- 9 || total
-------------------------+-------+-------+-------++-------
Melee: Dagger            |    46 |    17 |    11 ||    74
 Cast: Corona            |    11 |       |       ||    11
       Ensorcelled Hiber |     4 |       |     1 ||     5
       Confuse           |       |     2 |     8 ||    10
       Dazzling Spray    |       |       |     5 ||     5
  Use: Potion            |     1 |       |       ||     1
 Stab: Sleeping          |     1 |     6 |     1 ||     8
       Confused          |       |     3 |     2 ||     5
       Invisible         |       |       |     2 ||     2
